 Dungeon Crawl Stone Soup version 0.27.1-3-gb3d3a73c9e (webtiles) character file.

Game seed: 12260688039078114029

49 r3algood4 the Ruffian (level 3, -3/35 HPs)
             Began as a Troll Warper on Oct 5, 2021.
             Was an Initiate of Yredelemnul.
             Slain by an iguana (10 damage)
             ... on level 5 of the Dungeon.
             The game lasted 00:01:36 (412 turns).

r3algood4 the Ruffian (Troll Warper)                 Turns: 412, Time: 00:01:37

Health: -3/35      AC:  4    Str: 20    XL:     3   Next: 53%
Magic:  3/4        EV: 10    Int:  9    God:    Yredelemnul [......]
Gold:   0          SH:  0    Dex:  9    Spells: 4/4 levels left

rFire    . . .     SeeInvis .     - Unarmed
rCold    . . .     Faith    .   (no shield)
rNeg     . . .     Spirit   .   a - +0 robe
rPois    .         Reflect  .   (helmet restricted)
rElec    .         Harm     .   (no cloak)
rCorr    .         Rampage  .   (gloves unavailable)
Will     .....                  (boots unavailable)
Stlth    +.........             (no amulet)
HPRegen  1.11/turn              (no ring)
MPRegen  0.09/turn              (no ring)

@: lethally poisoned (-3 -> -3)
A: large, unfitting armour, claws 3, regeneration 1, shaggy fur 1, tough skin 1
a: Renounce Religion


You were on level 5 of the Dungeon.
You worshipped Yredelemnul.
Yredelemnul was noncommittal.
You visited 1 branch of the dungeon, and saw 5 of its levels.

Inventory:

Missiles
 c - 5 boomerangs of dispersal (quivered)
Armour
 a - a +0 robe (worn)
Scrolls
 b - a scroll of blinking
 d - a scroll of brand weapon {unknown}
 e - a scroll of silence {unknown}


   Skills:
 + Level 1.7 Fighting
 + Level 0.8 Throwing
 + Level 2.4 Dodging
 + Level 2.7 Unarmed Combat
 + Level 1.3 Spellcasting
 + Level 2.5 Translocations


You had 4 spell levels left.
You didn't know any spells.
Your spell library contained the following spells:

 Spells                   Type           Power      Damage    Failure   Level
 Blink                    Tloc           N/A        N/A       19%         2
 Gell's Gravitas          Tloc           2%         N/A       36%         3
 Lesser Beckoning         Tloc           2%         N/A       36%         3
 Teleport Other           Tloc           5%         N/A       36%         3
 Manifold Assault         Tloc           5%         N/A       98%         5
 Fireball                 Conj/Fire      0%         3d3       100%        5
 Iskenderun's Battlesphe  Conj           0%         2d6       100%        5
 Conjure Ball Lightning   Conj/Air       0%         3x3d6     100%        6
 Orb of Destruction       Conj           0%         N/A       100%        7


Dungeon Overview and Level Annotations

Branches:
Dungeon (5/15)
 Temple: D:4-7

Altars:
Yredelemnul

Shops:
D:2 !


Innate Abilities, Weirdness & Mutations

You are too large for most types of armour.
You have claws for hands.
Your natural rate of healing is unusually fast.
You are covered in fur. (AC +1)
You have tough skin. (AC +1)


Message History

Your experience leads to an increase in your attributes!
Increase (S)trength, (I)ntelligence, or (D)exterity?
You feel stronger. x2
You open the door.
There is an open door here.
An adder comes into view.
The adder hisses angrily.
You hear an angry hiss.
Found a stone staircase leading down.
An iguana comes into view.
You open the door. The adder closely misses you.
Found a scroll labelled LORORIOMAI.
The adder bites you. The adder bites you but does no damage.
You barely miss the adder. The adder bites you but does no damage.
You barely miss the adder. The adder bites you.
You are poisoned.
The adder poisons you! The iguana bites you.
You barely miss the adder.
You feel sick. The adder bites you. The iguana bites you.
The adder closely misses you.
You scratch the adder.
The adder is severely wounded.
You feel sick. The adder barely misses you. The iguana bites you!
You closely miss the adder.
The adder is severely wounded.
You feel sick. The adder bites you but does no damage.
The iguana closely misses you.
You scratch the adder but do no damage.
The adder is severely wounded.
You feel sick. The adder bites you.
* * * LOW HITPOINT WARNING * * *
You barely miss the adder.
The adder is heavily wounded.
You feel sick. The adder bites you.
* * * LOW HITPOINT WARNING * * *
The iguana misses you. The adder closely misses you.
You claw the adder!
You kill the adder!
Yredelemnul accepts your kill.
You feel sick. The iguana bites you!
You die...
Your body rises from the dead as a mindless zombie.

.##..##..##..#
.######...#..#####
.#...#....#......+
.
.'...'....#......#
.#
.#...#....'......#
..#
.#...##..##..##'##
...#
.#...######..##..##
....# ######
#.......#......
#.....@.'......
#+###l.##...###
#..# ..# ..... ?..
....... ...
.......... ..
.>......... .
#..##..##.##


You could see an iguana.

Vanquished Creatures
  A centaur skeleton (D:5)
  An adder (D:5)
  3 worms (D:2)
  A dart slug (D:1)
  A goblin (D:2)
  A bat (D:2)
  2 frilled lizards (D:2)
  A rat (D:2)
11 creatures vanquished.

Notes
Turn   | Place    | Note
-------+----------+-------------------------------------------
     0 | D:1      | r3algood4 the Troll Warper began the quest for the Orb.
     0 | D:1      | Reached XP level 1. HP: 19/19 MP: 1/1
    82 | D:2      | Found Mushrub's Distillery.
   206 | D:2      | Reached XP level 2. HP: 22/27 MP: 2/2
   282 | D:2      | Found a basalt altar of Yredelemnul.
   293 | D:2      | Became a worshipper of Yredelemnul the Dark
   355 | D:5      | Entered Level 5 of the Dungeon
   394 | D:5      | Reached XP level 3. HP: 35/35 MP: 2/4
   412 | D:5      | Slain by an iguana

Illustrated notes

Levels and vault maps discovered:
D:1:      mainiacjoe_arrival_reflecting_pool, layout_rooms, serial_shops, shop
D:2:      minmay_skewed_foursquare, layout_basic, ebering_ecumenical_altar_box,
          basic_altar, serial_shops, nicolae_shop_stone, minmay_crystal_water
D:3:      layout_loops_ring, fedhas_ov_isle_minmay, uniq_natasha
D:4:      layout_loops_ring, kennysheep_generic_room_4
D:5:      layout_gridville, minmay_temple_entry_sparse_star, uniq_prince_ribbit1

Skill      XL: |  1 |
---------------+----+-----
Dodging        | 2 |  2.4
Fighting       | |  1.7
Throwing       | |  0.8
Unarmed Combat | |  2.7
Spellcasting   | |  1.3
Translocations | |  2.5

Action                   || total
-------------------------++-------
Melee: Unarmed           ||    42
Armor: Robe              ||    42
Dodge: Dodged            ||    50
